 Dungeon Crawl Stone Soup version 0.23.0 (webtiles) character file.

Game seed: 11248146477954693200

1835 Borgoz the Ruffian (level 9, -1/75 HPs)
             Began as a Ghoul Monk on Feb 17, 2019.
             Was a Believer of Dithmenos.
             Slain by Pikel
             ... wielding a +2 whip of flaming
              (10 damage)
             ... on level 7 of the Dungeon.
             The game lasted 00:09:31 (6654 turns).

Borgoz the Ruffian (Ghoul Monk)                     Turns: 6654, Time: 00:09:32

Health: -1/75      AC:  3    Str: 15    XL:     9   Next: 11%
Magic:  8/8        EV: 15    Int:  5    God:    Dithmenos [**....]
Gold:   296        SH:  0    Dex: 14    Spells: 8/8 levels left

rFire    . . .     SeeInvis .     - Unarmed
rCold    + . .     Gourm    .   (no shield)
rNeg     + + +     Faith    .   a - +0 leather armour
rPois    ∞         Spirit   .   (no helmet)
rElec    .         Reflect  .   (no cloak)
rCorr    .         Harm     .   (no gloves)
MR       .....                  (no boots)
Stlth    +++.......             p - amulet of magic regeneration
HPRegen  0.00/turn              (no ring)
MPRegen  0.36/turn              (no ring)

@: about to teleport, rotting, wreathed by umbra
A: rotting body, claws 1, carnivore, cold resistance 1, negative energy
resistance 3, inhibited regeneration, torment resistance, unbreathing
a: Shadow Step, Renounce Religion


You were on level 7 of the Dungeon.
You worshipped Dithmenos.
Dithmenos was pleased with you.
You were not hungry.

You visited 2 branches of the dungeon, and saw 8 of its levels.

You collected 296 gold pieces.

Inventory:

Armour
 a - a +0 leather armour (worn)
Jewellery
 p - an amulet of magic regeneration (around neck)
Scrolls
 c - 6 scrolls of teleportation
 d - a scroll of enchant weapon {unknown}
 g - 3 scrolls of magic mapping {unknown}
 h - 2 scrolls of amnesia {unknown}
 k - 5 scrolls of remove curse
 l - 4 scrolls of identify {unknown}
 n - 2 scrolls of fog {unknown}
 o - a scroll of fear {unknown}
 s - a scroll of noise {unknown}
 t - a scroll of torment {unknown}
Potions
 e - a potion of brilliance {unknown}
 f - 2 potions of degeneration {unknown}
 i - 2 potions of curing {unknown}
 m - 2 potions of mutation {unknown}
 q - a potion of lignification {unknown}
 r - a potion of cancellation {unknown}
 u - 3 potions of haste {unknown}
 v - a potion of ambrosia {unknown}
Comestibles
 b - 10 rations
 j - 4 chunks of flesh


   Skills:
 + Level 5.7 Fighting
 + Level 3.5 Armour
 * Level 6.3 Dodging
 + Level 5.5 Stealth
 * Level 7.6 Unarmed Combat


You had 8 spell levels left.
You didn't know any spells.
Your spell library contained the following spells:

 Spells                   Type           Power        Failure   Level  Hunger
 Summon Small Mammal      Summ           #...         54%         1    ##.....
 Call Imp                 Summ           #.......     69%         2    ###....
 Call Canine Familiar     Summ           #.......     89%         3    ####...
 Summon Guardian Golem    Hex/Summ       #.......     89%         3    ####...
 Summon Ice Beast         Ice/Summ       #.......     100%        4    #####..
 Summon Lightning Spire   Summ/Air       #.......     100%        4    #####..


Dungeon Overview and Level Annotations

Branches:
Dungeon (7/15)             Temple (1/1) D:6

Altars:
Ashenzari
Dithmenos
Elyvilon
Fedhas
Gozag
Hepliaklqana
Kikubaaqudgha
Makhleb
Nemelex Xobeh
Okawaru
Qazlal
Ru
Sif Muna
Trog
Uskayaw
Vehumet
Xom
Yredelemnul
Zin
The Shining One

Shops:
D:5 [

Annotations:
D:4 3 runed translucent doors, tidbits's ghost, amateur GnSk
D:7 4 runed translucent doors, Pikel


Innate Abilities, Weirdness & Mutations

Your body is rotting away.
You thrive on raw meat.
You are immune to poison.
You have sharp fingernails.
You are carnivorous and can eat meat at any time.
Your flesh is cold resistant. (rC+)
You are immune to negative energy. (rN+++)
You do not regenerate when monsters are visible.
You are immune to unholy pain and torment.
You can survive without breathing.


Message History

Pikel is lightly wounded.
The slave misses you.
Pikel hits you with a +2 whip of flaming.
Pikel burns you.
You scratch Pikel but do no damage.
Pikel is lightly wounded.
The slave barely misses you. Pikel completely misses you.
As you read the scroll of teleportation, it crumbles to dust.
You feel strangely unstable. The slave hits you.
* * * LOW HITPOINT WARNING * * *
Pikel hits you with a +2 whip of flaming!
* * * LOW HITPOINT WARNING * * *
Pikel burns you.
* * * LOW HITPOINT WARNING * * *
You barely miss Pikel. Your claw misses Pikel.
Pikel is lightly wounded.
The slave hits you.
* * * LOW HITPOINT WARNING * * *
Pikel hits you with a +2 whip of flaming!
You die...

...... #..##...#
...... #.......#
....##.......#...#Hho.
...+.......#...+HhH..
#.#.......#...+Hoh..
#.[.......#...+hoh..
##........#...+hhhhh
#.#p#...##...#oo..
#[#@#...##...#hh..
#p#K#...##...#
#)#p......#.########
#...#####.#.........
#...#.....###.......
#..>#.##### #.......
#...# #. +.......
#...# #.#####.......
#...# #.#..#........


You could see Pikel and 2 slaves.

Vanquished Creatures
  A sky beast (D:6)
  3 ice beasts
  A slave (D:7)
  2 black bears
  An ogre (D:3)
  A centaur (D:7)
  A bullfrog (D:5)
  A scorpion (D:5)
  2 howler monkeys
  3 crimson imps
  An orc priest (D:6)
  A jelly (D:5)
  A centaur skeleton (D:4)
  2 bullfrog skeletons
  3 hounds
  6 orc wizards
  Jessica (D:2)
  Natasha (thrice) (D:3)
  An iguana (D:4)
  3 worker ants
  2 hound skeletons
  A worker ant zombie (D:5)
  8 adders
  An ooze (D:3)
  2 adder zombies
  A worm (D:2)
  4 dart slugs
  A leopard gecko (D:2)
  11 orcs
  2 ball pythons
  3 giant cockroaches
  9 goblins
  8 hobgoblins
  9 jackals
  5 quokkas
  7 bats
  3 frilled lizards
  6 kobolds
  A leopard gecko skeleton (D:6)
  A leopard gecko zombie (D:6)
  5 rats
128 creatures vanquished.

Vanquished Creatures (others)
  An orc wizard (D:5)
1 creature vanquished.

Grand Total: 129 creatures vanquished

Notes
Turn   | Place    | Note
-------+----------+-------------------------------------------
     0 | D:1      | Borgoz the Ghoul Monk began the quest for the Orb.
     0 | D:1      | Reached XP level 1. HP: 19/19 MP: 0/0
    46 | D:1      | Reached XP level 2. HP: 5/26 MP: 1/1
   226 | D:1      | Reached XP level 3. HP: 17/31 MP: 2/2
   921 | D:2      | Found a sparkling altar of Nemelex Xobeh.
   922 | D:2      | Found a stormy altar of Qazlal.
  1073 | D:2      | Found a glowing golden altar of the Shining One.
  1108 | D:2      | Reached skill level 4 in Unarmed Combat
  1108 | D:2      | Reached XP level 4. HP: 33/39 MP: 3/3
  1128 | D:2      | Noticed Jessica
  1139 | D:2      | Killed Jessica
  1406 | D:2      | Reached skill level 1 in Armour
  1650 | D:3      | Reached XP level 5. HP: 42/46 MP: 4/4
  1819 | D:3      | Noticed an ogre
  2008 | D:3      | Noticed Natasha
  2017 | D:3      | Killed Natasha
  2138 | D:3      | Noticed Natasha
  2537 | D:3      | Killed Natasha
  2642 | D:4      | Reached XP level 6. HP: 17/52 MP: 5/5
  2935 | D:4      | Reached skill level 5 in Unarmed Combat
  2959 | D:4      | Found a runed translucent gate.
  2959 | D:4      | Noticed tidbits's ghost (amateur GnSk)
  2960 | D:4      | Found a runed translucent gate.
  2962 | D:4      | Found a runed translucent gate.
  3116 | D:4      | Found a hide-covered altar of Uskayaw.
  3547 | D:3      | Reached XP level 7. HP: 7/56 MP: 6/6
  3797 | D:3      | Noticed Natasha
  3811 | D:3      | Killed Natasha
  3852 | D:5      | Entered Level 5 of the Dungeon
  4412 | D:5      | Reached skill level 5 in Dodging
  4412 | D:5      | Reached skill level 6 in Unarmed Combat
  4512 | D:5      | Reached XP level 8. HP: 57/67 MP: 7/7
  4552 | D:5      | Found Zeosas's Antique Armour Boutique.
  4861 | D:5      | Reached skill level 5 in Fighting
  5435 | D:6      | Found a staircase to the Ecumenical Temple.
  5588 | D:6      | Reached skill level 5 in Stealth
  5649 | D:6      | Found a stormy altar of Qazlal.
  5696 | D:6      | Reached skill level 7 in Unarmed Combat
  5807 | Temple   | Entered the Ecumenical Temple
  5946 | Temple   | Became a worshipper of Dithmenos the Shadowed
  5946 | Temple   | Reached * piety under Dithmenos
  5946 | Temple   | Reached ** piety under Dithmenos
  6305 | D:6      | Reached XP level 9. HP: 28/75 MP: 8/8
  6589 | D:7      | Found a huge runed translucent gate.
  6589 | D:7      | Found a huge runed translucent gate.
  6589 | D:7      | Found a huge runed translucent gate.
  6589 | D:7      | Found a huge runed translucent gate.
  6589 | D:7      | Noticed a polar bear
  6589 | D:7      | Noticed a polar bear
  6589 | D:7      | Noticed a polar bear
  6589 | D:7      | Noticed a polar bear
  6589 | D:7      | Noticed a manticore
  6611 | D:7      | Noticed Pikel
  6654 | D:7      | Slain by Pikel

Skill      XL: |  1  2  3  4  5  6  7  8 |
---------------+-------------------------+-----
Dodging        | 3 4 5 6 |  6.3
Unarmed Combat | 4 5 6 7 |  7.6
Armour         | 1 2 3 |  3.5
Stealth        | 3 4 5 |  5.5
Fighting       | 4 5 |  5.7

Action                   |  1- 3 |  4- 6 |  7- 9 || total
-------------------------+-------+-------+-------++-------
Melee: Unarmed           |    95 |   174 |   295 ||   564
       Punch             |     2 |     3 |     8 ||    13
  Use: Scroll            |       |     2 |     2 ||     4
       Potion            |       |     1 |     4 ||     5
 Stab: Sleeping          |     3 |     9 |     6 ||    18
  Eat: Chunk             |    12 |    19 |    16 ||    47
Armor: Robe              |     6 |       |       ||     6
       Leather armour    |     9 |    25 |    29 ||    63
Dodge: Dodged            |    52 |    96 |   172 ||   320
